 Seeded DCSS version 0.29.1-15-g9cfb28693d (webtiles) character file.

Game seed: 17936887422911195022 (custom seed)

18503 Psyclone the Devastator (level 12, 0/73 HPs)
             Began as a Deep Elf Conjurer on Sept 22, 2023.
             Was an Initiate of Ashenzari.
             Succumbed to a black mamba's poison
             ... on level 2 of the Lair of Beasts.
             The game lasted 00:45:07 (16579 turns).

Psyclone the Devastator (Deep Elf Conjurer)        Turns: 16579, Time: 00:45:07

Health: 0/73       AC: 14    Str:  2    XL:     12   Next: 28%
Magic:  27/31      EV: 14    Int: 39    God:    Ashenzari [......]
Gold:   833        SH:  0    Dex: 11    Spells: 30/37 levels left

rFire   . . .      SeeInvis .   a - +4 dagger (venom)
rCold   + + +      Faith    .   (no shield)
rNeg    . . .      Spirit   .   S - +1 steam dragon scales
rPois   .          Reflect  .   y - +2 helmet
rElec   .          Harm     .   n - +0 cloak
rCorr   .          Rampage  .   (no gloves)
Will    +....                   (no boots)
Stlth   ++........              (no amulet)
HPRegen 0.22/turn               i - ring "Bitterness of Ashenzari" {rC+++ AC+4 Str-2 Int+10 Dex-2, Bglg, Elem} (curse)
MPRegen 0.22/turn               M - +4 ring of slaying

@: lethally poisoned (0 -> -14)
A: no striking features
a: Renounce Religion, Curse Item, Shatter the Chains


You were on level 2 of the Lair of Beasts.
You worshipped Ashenzari.
Ashenzari was noncommittal.
You visited 3 branches of the dungeon, and saw 14 of its levels.
You also visited: Ossuary.

You collected 861 gold pieces.
You spent 28 gold pieces at shops.

Inventory:

Hand Weapons
 a - a +4 dagger of venom (weapon)
 E - a +1 demon whip of venom
 J - the +5 sling "Owobeimm" {speed, Dex+3}
   (You found it on level 8 of the Dungeon)

   Attacks with this weapon are significantly faster.
   Dex:       It affects your dexterity (+3).
 L - a +2 dagger of holy wrath
Missiles
 U - 3 curare-tipped darts
Armour
 n - a +0 cloak (worn)
 y - a +2 helmet (worn)
 S - +1 steam dragon scales (worn)
 V - a +3 troll leather armour {Snorg}
Jewellery
 e - a ring of wizardry
 g - a ring of protection from cold
 i - the cursed ring "Bitterness of Ashenzari" (left hand) {rC+++ AC+4 Str-2 Int+10 Dex-2, Bglg, Elem}
   (You found it on level 3 of the Dungeon)

   [ring of protection]

   AC:        It affects your AC (+4).
   Str:       It affects your strength (-2).
   Int:       It affects your intelligence (+10).
   Dex:       It affects your dexterity (-2).
   rC:        It renders you almost immune to cold.
   It has a curse which improves the following skills: Beguiling: Conjurations,
   Hexes and Translocations.
   Elements:  Fire Magic, Ice Magic, Air Magic and Earth Magic.
 H - a ring of protection from cold
 M - a +4 ring of slaying (right hand)
Wands
 K - a wand of mindburst (23)
 N - a wand of polymorph (6)
 O - a wand of paralysis (2)
 R - a wand of iceblast (11)
 T - a wand of light (6)
Scrolls
 c - 2 scrolls of enchant weapon
 f - 3 scrolls of blinking
 h - 2 scrolls of silence {!r}
 k - a scroll of torment
 l - 5 scrolls of butterflies
 m - 2 scrolls of fear
 r - 5 scrolls of teleportation
 u - a scroll of summoning
 v - 2 scrolls of magic mapping
 w - 4 scrolls of amnesia
 A - 2 scrolls of noise {unknown}
 G - 2 scrolls of vulnerability {unknown}
Potions
 b - 3 potions of magic
 d - 4 potions of flight {unknown}
 j - 2 potions of attraction {unknown}
 o - 2 potions of berserk rage {unknown}
 p - 6 potions of haste {unknown}
 q - 3 potions of heal wounds {unknown}
 s - 2 potions of might {unknown}
 t - 6 potions of curing
 x - a potion of invisibility
 z - a potion of mutation {unknown}
 C - 2 potions of ambrosia {unknown}
 D - 2 potions of cancellation {unknown}
 F - 3 potions of brilliance {unknown}
 I - a potion of lignification {unknown}
 P - 2 potions of degeneration {unknown}
Miscellaneous
 Q - a piece from Xom's chessboard (15/15)


   Skills:
 - Level 8.0 Fighting
 - Level 8.0 Dodging
 - Level 2.4 Stealth
 - Level 13.2 Spellcasting
 + Level 15.5(15.9) Conjurations


You had 30 spell levels left.
You knew the following spells:

 Your Spells              Type           Power      Damage    Failure   Level
a - Magic Dart            Conj           100%       1d8       0%          1
b - Searing Ray           Conj           100%       2d8       0%          2
d - Fulminant Prism       Conj/Hex       36%        3d18      1%          4

Your spell library contained the following spells:

 Spells                   Type           Power      Damage    Failure   Level
 Summon Small Mammal      Summ           100%       N/A       1%          1
 Conjure Flame            Conj/Fire      73%        6-21      1%          3
 Dazzling Flash           Conj/Hex       100%       N/A       1%          3
 Iskenderun's Mystic Bla  Conj/Tloc      73%        2d15      1%          4
 Sticky Flame             Conj/Fire      73%        2d9       1%          4
 Call Canine Familiar     Summ           25%        N/A       4%          3
 Ignite Poison            Fire/Tmut/Pois 25%        N/A       4%          3
 Ozocubu's Armour         Ice            26%        N/A       4%          3
 Summon Guardian Golem    Hex/Summ       25%        N/A       4%          3
 Agony                    Necr           25%        N/A       36%         5
 Silence                  Hex/Air        13%        N/A       36%         5
 Ozocubu's Refrigeration  Ice            13%        4d10      100%        7


Dungeon Overview and Level Annotations

Branches:
Dungeon (11/15) Zot: 24914  Temple (1/1) D:7 Zot: 5813    Lair (2/5) D:8 Zot: 10496
    Orc (0/2) D:9         Ossuary (visited)
  Swamp: Lair:2-3    Shoals: Lair:2-3     Snake: Lair:2-3    Spider: Lair:2-3

Altars:
Ashenzari
Cheibriados
Dithmenos
Elyvilon
Fedhas
Gozag
Hepliaklqana
Kikubaaqudgha
Makhleb
Nemelex Xobeh
Okawaru
Qazlal
Ru
Sif Muna
Trog
Uskayaw
Vehumet
Wu Jian
Xom
Yredelemnul
Zin
The Shining One

Shops:
D:5 !*=

Annotations:
D:7 2 runed translucent doors, exclusion: orange crystal statue
D:11 Lodul
Lair:1 exclusion: downstairs


Message History

You take 3 damage, and have 70/73 hp.
You feel very sick.
The black mamba bites you but does no damage.
You take 4 damage, and have 66/73 hp.
The black mamba attacks as you move away!
The black mamba barely misses you.
Found an orange potion.
You feel very sick.
The black mamba bites you but does no damage.
You take 3 damage, and have 63/73 hp.
The black mamba attacks as you move away!
The black mamba bites you!
You are more poisoned.
The black mamba poisons you! The elephant attacks as you move away!
The elephant closely misses you. x2
You feel extremely sick. The elephant tramples you!
You stumble backwards!
You take 32 damage, and have 31/73 hp.
MASSIVE DAMAGE!!
You feel very sick.
You take 6 damage, and have 25/73 hp.
Casting: Fulminant Prism (mildly dangerous; 1% risk of failure)
Confirm with . or Enter, or press ? or * to list all spells.
Aiming: Fulminant Prism (mildly dangerous; 1% risk of failure)
Press: ? - help, Dir - move target You conjure a prism of explosive energy!
A fulminant prism comes into view.
* * * LOW HITPOINT WARNING * * *
You feel very sick. The black mamba closely misses you.
The elephant tramples you!
* * * LOW HITPOINT WARNING * * *
You stumble backwards!
You take 17 damage, and have 8/73 hp.
MASSIVE DAMAGE!!
You now have 27/31 mp.
* * * LOW HITPOINT WARNING * * *
You feel very sick.
The elephant tramples your fulminant prism!
The elephant trunk-slaps your fulminant prism.
Your fulminant prism crackles loudly.
You take 4 damage, and have 4/73 hp.
The black mamba attacks as you move away!
The black mamba barely misses you.
You die...

#...#
#.........###
#....
#............
#....
#..........#
+..F.
#..........#
#..D.
#..........#
#..##
#....!....#.#
# #
#..........#
.
#..S.@.....#
.#
#..YY.....##
#..
#...Y.....#
#..
#Y..*.....#
#.YY......#
##..Y......#
#......<...##
##.Y........#
#..........##


You could see 5 elephants, a black mamba, 3 yaks and a friendly fulminant prism.

Vanquished Creatures
  Snorg (D:11)
  A hydra (D:11)
  A two-headed ogre (D:11)
  Amaemon (D:10)
  Sonja (D:11)
  Pikel (D:7)
  A mana viper (shapeshifter) (D:11)
  2 cyclopes (D:11)
  A manticore (D:11)
  Maggie (D:10)
  A cane toad (Lair:1)
  An orange demon (D:10)
  2 trolls (D:9)
  A polar bear (Lair:1)
  Prince Ribbit (D:6)
  3 blink frogs (Lair:1)
  2 slime creatures (D:11)
  Sigmund (D:6)
  A wraith (D:9)
  3 wyverns
  29 yaks
  A basilisk (D:8)
  A steam dragon (D:9)
  Menkaure (D:5)
  5 water moccasins
  2 orc warriors (D:9)
  A sky beast (D:7)
  4 black bears
  10 ogres
  7 centaurs
  A lemure (D:7)
  A kobold brigand (D:6)
  2 phantoms
  9 bullfrogs
  2 necrophages
  7 scorpions
  5 wights (D:6)
  8 killer bees
  An electric eel (Lair:1)
  2 howler monkeys (D:11)
  4 hounds
  2 gnoll boudas (D:5)
  Crazy Yiuf (D:7)
  2 orc priests (D:9)
  A jelly (D:5)
  6 iguanas
  5 orc wizards
  8 mummies (Ossuary)
  6 adders
  10 gnolls (D:5)
  2 white imps
  2 ufetubi
  2 worms
  A dart slug (D:4)
  34 orcs
  6 endoplasms
  7 giant cockroaches
  3 gnoll zombies (Ossuary)
  8 goblins
  6 hobgoblins
  3 jackals (D:4)
  3 quokkas
  7 ball pythons
  3 bats
  4 frilled lizards
  3 hobgoblin zombies (Ossuary)
  6 kobolds
  2 orc zombies (Ossuary)
  9 rats
  A butterfly (D:9)
283 creatures vanquished.

Vanquished Creatures (others)
  61 fulminant prisms
  3 fungi (D:8)
  25 plants
89 creatures vanquished.

Grand Total: 372 creatures vanquished

Notes
Turn   | Place    | Note
-------+----------+-------------------------------------------
     0 | D:1      | Psyclone the Deep Elf Conjurer began the quest for the Orb.
     0 | D:1      | Reached XP level 1. HP: 10/10 MP: 6/6
   468 | D:1      | Reached XP level 2. HP: 15/15 MP: 4/8
   962 | D:1      | Found a faded altar of an unknown god.
  1201 | D:2      | Reached skill level 5 in Conjurations
  1201 | D:2      | Reached XP level 3. HP: 19/19 MP: 5/10
  2180 | D:3      | Found an ornate altar of the Wu Jian Council.
  2208 | D:3      | Identified the ring of Xoifex {rC+++ AC+4 Str-2 Int+10
                  | Dex-2}
  2268 | D:3      | Reached XP level 4. HP: 21/24 MP: 0/12
  2648 | D:3      | Learned a level 2 spell: Searing Ray
  2653 | D:3      | Learned a level 4 spell: Fulminant Prism
  2860 | D:3      | Reached skill level 5 in Spellcasting
  3327 | D:4      | Noticed a black bear
  3330 | D:4      | Killed a black bear
  3331 | D:4      | Reached skill level 6 in Conjurations
  3331 | D:4      | Reached XP level 5. HP: 21/28 MP: 10/15
  3636 | D:4      | Noticed a black bear
  3643 | D:4      | Killed a black bear
  3644 | D:4      | Reached XP level 6. HP: 32/32 MP: 9/17
  3982 | D:4      | Found a glowing golden altar of the Shining One.
  4230 | D:4      | Found a bloodstained altar of Trog.
  4345 | D:4      | Found a white marble altar of Elyvilon.
  4351 | D:4      | Reached skill level 7 in Conjurations
  4527 | D:5      | Entered Level 5 of the Dungeon
  4531 | D:5      | Reached XP level 7. HP: 36/36 MP: 15/20
  4694 | D:5      | Found Fazieteh's Distillery.
  4745 | D:5      | Noticed Menkaure
  4749 | D:5      | Killed Menkaure
  4750 | D:5      | Reached skill level 8 in Conjurations
  4943 | D:5      | Found Ifiorph's General Store.
  4984 | D:5      | Reached XP level 8. HP: 40/41 MP: 14/23
  5241 | D:5      | Bought a scroll of identify for 28 gold pieces
  5405 | D:5      | Identified the +1 scale mail "Lemosih" {rElec rF+ rC-
                  | rCorr}
  5548 | D:5      | Found Xycsolle's Jewellery Shoppe.
  5605 | D:5      | Reached skill level 9 in Conjurations
  5834 | D:6      | Noticed Prince Ribbit
  5842 | D:6      | Killed Prince Ribbit
  5843 | D:6      | Reached skill level 10 in Spellcasting
  5892 | D:6      | Noticed Sigmund
  5899 | D:6      | Killed Sigmund
  6013 | D:6      | Reached skill level 10 in Conjurations
  6016 | D:6      | Found a sand-covered staircase.
  6021 | Ossuary  | Entered an ossuary
  6357 | Ossuary  | Reached XP level 9. HP: 45/45 MP: 18/26
  6568 | D:6      | Found a burning altar of Makhleb.
  7630 | D:7      | Reached skill level 11 in Conjurations
  7852 | D:7      | Found a staircase to the Ecumenical Temple.
  7858 | Temple   | Entered the Ecumenical Temple
  7890 | Temple   | Became a worshipper of Ashenzari the Shackled
  8109 | D:7      | Found a runed translucent door.
  8119 | D:7      | Found the +10 tower shield of Ignorance {rN+ Int-4}
  8125 | D:7      | Found a runed translucent door.
  8126 | D:7      | Noticed an orange crystal statue
  8399 | D:7      | Found a runed translucent door.
  8400 | D:7      | Noticed Crazy Yiuf
  8405 | D:7      | Killed Crazy Yiuf
  8507 | D:7      | Found a sacrificial altar of Ru.
  8676 | D:7      | Noticed Pikel
  8686 | D:7      | Killed Pikel
  8919 | D:8      | Reached skill level 1 in Fighting
  8919 | D:8      | Reached XP level 10. HP: 18/52 MP: 10/29
  9437 | D:8      | Reached skill level 5 in Dodging
  9560 | D:8      | Identified the +5 sling "Owobeimm" {speed, Dex+3}
  9968 | D:8      | Found a staircase to the Lair.
 10142 | D:8      | Found a hide-covered altar of Uskayaw.
 10589 | D:9      | Reached skill level 5 in Fighting
 10591 | D:9      | Found a staircase to the Orcish Mines.
 10990 | D:9      | Reached XP level 11. HP: 58/64 MP: 16/30
 11369 | D:9      | Found a shimmering altar of Xom.
 11547 | D:9      | Found a blossoming altar of Fedhas.
 11586 | D:10     | Entered Level 10 of the Dungeon
 11645 | D:10     | Noticed Amaemon
 11679 | D:10     | Killed Amaemon
 12183 | D:10     | Noticed Maggie
 12194 | D:10     | Killed Maggie
 12585 | D:10     | Found a shimmering blue altar of Sif Muna.
 13208 | D:11     | Reached skill level 12 in Conjurations
 13487 | D:11     | Noticed a mana viper
 13487 | D:11     | a salamander changed into a mana viper
 13498 | D:11     | Killed a mana viper
 13924 | D:11     | Noticed a five-headed hydra
 13944 | D:11     | Reached skill level 13 in Conjurations
 14096 | D:11     | Killed a five-headed hydra
 14240 | D:11     | Noticed Sonja
 14246 | D:11     | Killed Sonja
 14300 | D:11     | Found a glowing golden altar of the Shining One.
 14332 | D:11     | Noticed Snorg
 14356 | D:11     | Noticed Lodul
 14672 | D:11     | Killed Snorg
 14673 | D:11     | Reached skill level 14 in Conjurations
 14726 | D:11     | Noticed a two-headed ogre
 14737 | D:11     | Killed a two-headed ogre
 14738 | D:11     | Reached XP level 12. HP: 73/73 MP: 15/31
 15096 | Lair:1   | Entered Level 1 of the Lair of Beasts
 15425 | Lair:1   | Reached skill level 15 in Conjurations
 16533 | Lair:2   | Noticed an eight-headed hydra
 16534 | Lair:2   | Noticed a seven-headed hydra
 16579 | Lair:2   | Succumbed to a black mamba's poison

Illustrated notes

Levels and vault maps discovered:
D:1:      amcnicky_arrival_double_pillar, layout_loops_corners,
          hellmonk_ecumenical_altar_inner_sanctum
D:2:      layout_basic, hangedman_decor_clover_reticule,
          kennysheep_generic_room_12
D:3:      layout_basic, nicolae_wu_jian_wuxing_cycle
D:4:      layout_loops_cross, trog_butcher_becter, lemuel_tele_altar,
          nicolae_elyvilon_temple_path
D:5:      layout_loops_corners, serial_shops, nicolae_shop_advertising_works
          [nicolae_subvault_shop_adworks], shop, kennysheep_mini, uniq_menkaure
D:6:      layout_loops_cross, makhleb_blood_cavern_becter, enter_ossuary_5,
          uniq_sigmund, uniq_prince_ribbit1
D:7:      layout_gridville, nicolae_ru_path_of_blood, minmay_temple_entry_hall,
          chequers_guarded_unrand_ignorance, uniq_pikel, uniq_crazy_yiuf_cottage
D:8:      layout_basic, nicolae_overflow_crystal_walls, minmay_lair_entry_grove
D:9:      layout_cave_pools, fedhas_altar_fruit_tree, xom_butterflies,
          minmay_orc_entry_temple_small
D:10:     layout_stronghold, led_sif_book, chequers_serial_rivers_micro_d,
          uniq_maggie, uniq_amaemon
D:11:     layout_basic, nicolae_tso_swordbearing_angel, uniq_sonja, uniq_snorg,
          uniq_lodul
Temple:   nicolae_temple_slightly_damp_pantheon
Lair:1:   layout_hall_layers, serial_bayou_shore_a, infiniplex_staircase_pool_2
Lair:2:   cheibrodos_lair_river_kwai, layout_big_grid, bobbens_dragon_lair_wall,
          lemuel_fruit_tree, grunt_megastairs_2

Skill      XL: |  1  2  3  4  5  6  7  8  9 10 11 12 |
---------------+-------------------------------------+-----
Spellcasting   | 4 5 6 7 9 11 13 | 13.2
Conjurations   | 5 6 7 8 10 11 14 15 | 15.5
Dodging        | 3 8 |  8.0
Fighting       | 1 5 8 |  8.0
Stealth        | |  2.4

Action                   |  1- 3 |  4- 6 |  7- 9 | 10-12 || total
-------------------------+-------+-------+-------+-------++-------
Melee: Dagger            |       |       |    21 |    13 ||    34
 Cast: Magic Dart        |    78 |    87 |    63 |    63 ||   291
       Searing Ray       |       |     6 |    71 |    67 ||   144
       Fulminant Prism   |       |       |       |    62 ||    62
Invok: Curse Item        |       |       |     1 |       ||     1
  Use: Scroll            |       |       |     9 |     5 ||    14
 Stab: Sleeping          |       |       |       |     1 ||     1
Armor: Robe              |     3 |     3 |    47 |    66 ||   119
       Steam dragon scal |       |       |       |    24 ||    24
Dodge: Dodged            |     5 |     3 |    56 |   162 ||   226
